 Dungeon Crawl Stone Soup version 0.26.1-2-gb8aa6d0cf2 (webtiles) character file.

Game seed: 1915636224804873724

1288 sking99 the Cleaver (level 8, 0/70 HPs)
             Began as a Hill Orc Fighter on Feb 21, 2021.
             Was an Initiate of Qazlal.
             Killed from afar by Dowan (20 damage)
             ... with a shard of ice
             ... on level 4 of the Dungeon.
             The game lasted 00:07:36 (5169 turns).

sking99 the Cleaver (Hill Orc Fighter)              Turns: 5169, Time: 00:07:36

Health: 0/70       AC: 12    Str: 21    XL:     8   Next: 55%
Magic:  10/10      EV:  6    Int:  8    God:    Qazlal [......]
Gold:   208        SH: 10    Dex: 10    Spells: 7/7 levels left

rFire    . . .     SeeInvis .   a - +0 war axe
rCold    . . .     Faith    .   c - +0 kite shield
rNeg     . . .     Spirit   .   s - +0 chain mail
rPois    .         Reflect  .   r - +0 helmet
rElec    .         Harm     .   (no cloak)
rCorr    .         Rampage  .   (no gloves)
Will     .....                  q - +0 pair of boots
Stlth    ..........             (no amulet)
HPRegen  0.21/turn              (no ring)
MPRegen  0.12/turn              (no ring)

@: no status effects
A: no striking features
a: Renounce Religion


You were on level 4 of the Dungeon.
You worshipped Qazlal.
Qazlal was noncommittal.
You visited 2 branches of the dungeon, and saw 5 of its levels.

You collected 208 gold pieces.

Inventory:

Hand Weapons
 a - a +0 war axe (weapon)
Armour
 c - a +0 kite shield (worn)
 q - a +0 pair of boots (worn)
 r - a +0 helmet (worn)
 s - a +0 chain mail (worn)
Scrolls
 b - 2 scrolls of teleportation {unknown}
 e - 3 scrolls of remove curse
 g - 3 scrolls of identify
 i - 2 scrolls of fog
Potions
 d - 2 potions of might
 f - a potion of flight
 h - 2 potions of heal wounds
 n - 2 potions of berserk rage
 o - 2 potions of attraction


   Skills:
 + Level 6.3 Fighting
 * Level 8.4 Axes
 + Level 5.6 Armour
 + Level 5.7 Shields
 + Level 3.4 Invocations


You had 7 spell levels left.
You didn't know any spells.
Your spell library was empty.

Dungeon Overview and Level Annotations

Branches:
Dungeon (4/15)             Temple (1/1) D:4

Altars:
Cheibriados
Dithmenos
Fedhas
Gozag
Kikubaaqudgha
Okawaru
Qazlal
Sif Muna
Trog
Uskayaw
Vehumet
Wu Jian
Xom
Yredelemnul
Zin

Shops:
D:4 [

Annotations:
D:4 Dowan


Message History

You block the shard of ice.
Dowan mumbles some strange words.
Dowan blinks!
Dowan closely misses you.
Dowan points at you and mumbles some strange words.
You block the stone arrow.
You closely miss Dowan.
Dowan is severely wounded.
Dowan mumbles some strange words.
Dowan blinks!
Dowan hits you but does no damage. x2
You closely miss Dowan.
Dowan is severely wounded.
Dowan mumbles some strange words.
Dowan blinks!
Dowan is no longer moving quickly.
There is an open door here.
Dowan casts a spell at you. The shard of ice hits you!!
You die...

........'...#.........#...,,,,,,,
........#...#.........'...,,,,,,,
........#...#.....e...#....,,,,,,
######..##.###.e###...#*+##*,****
######..##.###..#######*,,**,****
#...........#.....# *,,,,>,,,,
#...........#.....# *,,,,,,,,,
##..############'## **,*,,,,**
##..##..##.###..@########****,,**
........................# *,,,,*
.............<........(.# *,,,,*
##..##..#...##.....##...# *,,,,*
*##.8.<.∩.8.##.....##..## **,,**
#######...##.....##### ****
#...#.......# #...'.......#
#...##.....##


You could see Dowan.

Vanquished Creatures
  Pikel (D:4)
  Grinder (D:4)
  Edmund (D:4)
  Duvessa (D:4)
  An ogre (D:4)
  2 lemures (D:4)
  Blork the orc (D:4)
  A scorpion (D:2)
  An iguana (D:4)
  Robin (D:2)
  5 adders
  2 oozes
  5 worms
  2 dart slugs
  5 leopard geckos
  A ball python (D:4)
  11 bats
  5 giant cockroaches
  7 goblins
  14 hobgoblins
  15 jackals
  10 kobolds
  13 rats
106 creatures vanquished.

Notes
Turn   | Place    | Note
-------+----------+-------------------------------------------
     0 | D:1      | sking99 the Hill Orc Fighter began the quest for the Orb.
     0 | D:1      | Reached XP level 1. HP: 19/19 MP: 1/1
    65 | D:1      | Reached skill level 3 in Axes
    72 | D:1      | Reached XP level 2. HP: 18/27 MP: 2/2
   476 | D:1      | Reached XP level 3. HP: 31/33 MP: 3/3
  1446 | D:2      | Reached skill level 4 in Axes
  1463 | D:2      | Reached XP level 4. HP: 27/40 MP: 4/4
  1633 | D:2      | Noticed Robin
  1651 | D:2      | Killed Robin
  2073 | D:2      | Reached XP level 5. HP: 38/47 MP: 5/5
  2179 | D:2      | Found a blossoming altar of Fedhas.
  2596 | D:2      | Reached skill level 5 in Axes
  3489 | D:3      | Reached XP level 6. HP: 53/53 MP: 6/6
  3498 | D:3      | Found an ancient bone altar of Kikubaaqudgha.
  3757 | D:4      | Found Cuips's Armour Shoppe.
  3991 | D:4      | Noticed Duvessa
  4055 | D:4      | Found a staircase to the Ecumenical Temple.
  4064 | Temple   | Entered the Ecumenical Temple
  4122 | Temple   | Became a worshipper of Qazlal Stormbringer
  4323 | D:4      | Noticed Edmund
  4339 | D:4      | Killed Edmund
  4340 | D:4      | Reached skill level 5 in Fighting
  4340 | D:4      | Reached skill level 6 in Axes
  4617 | D:4      | Reached XP level 7. HP: 61/61 MP: 7/7
  4647 | D:4      | Noticed Blork the orc
  4648 | D:4      | Noticed Grinder
  4652 | D:4      | Paralysed by Grinder for 4 turns
  4663 | D:4      | Killed Blork the orc
  4664 | D:4      | Killed Grinder
  4665 | D:4      | Reached skill level 7 in Axes
  4665 | D:4      | Reached skill level 5 in Armour
  4665 | D:4      | Reached skill level 5 in Shields
  5054 | D:4      | Noticed Pikel
  5063 | D:4      | Killed Pikel
  5064 | D:4      | Reached skill level 8 in Axes
  5064 | D:4      | Reached XP level 8. HP: 65/70 MP: 8/10
  5134 | D:4      | Noticed Dowan
  5143 | D:4      | Killed Duvessa
  5169 | D:4      | Killed from afar by Dowan

Illustrated notes

Levels and vault maps discovered:
D:1:      nicolae_arrival_memento_mori, layout_basic
D:2:      minmay_evil_eye, layout_basic, fedhas_altar_fruit_tree,
          minmay_3d_cube, uniq_robin
D:3:      layout_basic, kiku_gazebo_pond_becter
D:4:      layout_gridville, minmay_temple_entry_statues_fountains, serial_shops,
          shop_statue, uniq_edmund, uniq_blork_the_orc, uniq_grinder,
          uniq_duvessa, uniq_pikel
Temple:   cyrus_circular_temple

Skill      XL: |  1  2  3  4  5  6  7 |
---------------+----------------------+-----
Axes           | 3 4 5 6 8 |  8.4
Fighting       | 4 5 6 |  6.3
Shields        | 4 5 |  5.7
Armour         | 4 5 |  5.6
Invocations    | 3 |  3.4

Action                   |  1- 3 |  4- 6 |  7- 9 || total
-------------------------+-------+-------+-------++-------
Melee: War axe           |   125 |   202 |    55 ||   382
  Use: Potion            |       |     3 |       ||     3
       Scroll            |       |     9 |       ||     9
Armor: Scale mail        |    57 |    70 |       ||   127
       Chain mail        |       |     8 |    39 ||    47
Dodge: Dodged            |    44 |    49 |    15 ||   108
Block: Kite shield       |    69 |   101 |    28 ||   198
